 Dungeon Crawl Stone Soup version 0.18.1-50-g88ac8fd (webtiles) character file.

106 magog001 the Sneak (level 4, -14/23 HPs)
             Began as a Vine Stalker Assassin on Sept 1, 2017.
             Demolished by an ogre
             ... wielding a +0 giant club
              (23 damage)
             ... on level 4 of the Dungeon.
             The game lasted 00:14:35 (2611 turns).

magog001 the Sneak (Vine Stalker Assassin)          Turns: 2611, Time: 00:14:36

Health: -14/23     AC:  4    Str: 13    XL:     4   Next: 84%
Magic:  0/5        EV: 12    Int: 11    God:
Gold:   99         SH:  0    Dex: 17    Spells: 0 memorised, 3 levels left

rFire  . . .     SeeInvis .     a - +2 dagger
rCold  . . .     Gourm    .     x - +0 robe
rNeg   . . .     Faith    .     (no shield)
rPois  .         Spirit   +     y - +0 helmet
rElec  .         Dismiss  .     d - +0 cloak
rCorr  .         Reflect  .     (no gloves)
SustAt +         Harm     .     (no boots)
MR     .....                    (no amulet)
Stlth  +++.......               (no ring)
                                w - ring of sustain attributes

@: not resistant to hostile enchantments, fairly stealthy
A: fangs 2, regeneration 1, magic shield, antimagic bite, no device heal 3, rot
immunity
a: no special abilities


You were on level 4 of the Dungeon.
You were not hungry.

You visited 1 branch of the dungeon, and saw 4 of its levels.

You collected 99 gold pieces.

Inventory:

Hand Weapons
 a - a +2 dagger (weapon)
 b - a +0 blowgun
 t - a +0 hunting sling
 A - a +2 mace of holy wrath
Missiles
 c - 4 tomahawks (quivered)
 e - 8 poisoned needles
 f - 2 curare-tipped needles
 p - 29 sling bullets
Armour
 d - a +0 cloak (worn)
 x - a +0 robe (worn)
 y - a +0 helmet (worn)
Jewellery
 w - a ring of sustain attributes (left hand)
Scrolls
 i - 3 scrolls of remove curse {unknown}
 j - 6 scrolls of identify {unknown}
 k - 3 scrolls of enchant armour {unknown}
 l - 3 scrolls of teleportation {unknown}
 n - 2 scrolls of enchant weapon {unknown}
 s - 2 scrolls of recharging {unknown}
 u - 4 scrolls of random uselessness {unknown}
 C - a scroll of fear {unknown}
 D - a scroll of immolation {unknown}
Potions
 m - a potion of might {unknown}
 o - a potion of mutation {unknown}
 q - a potion of haste {unknown}
 r - a potion of cure mutation {unknown}
 v - 2 potions of curing {unknown}
 B - a potion of heal wounds {unknown}
Comestibles
 g - a bread ration
 h - a beef jerky
 z - a chunk of flesh


   Skills:
 * Level 2.1 Fighting
 * Level 2.3 Short Blades
 - Level 1.7 Throwing
 * Level 1.7 Dodging
 * Level 6.4 Stealth


You had 3 spell levels left.
You didn't know any spells.

Dungeon Overview and Level Annotations

Branches:
Dungeon (4/15)
 Temple: D:4-7

Altars:
The Shining One

Annotations:
D:3 magog001's ghost, amateur MiFi


Innate Abilities, Weirdness & Mutations

You have extremely sharp teeth.
Your natural rate of healing is unusually fast.
When hurt, damage is shared between your health and your magic reserves.
Your bite disrupts and absorbs the magic of your enemies.
Potions and wands cannot restore your health.
You are immune to rotting.


Message History

You hit the ogre. You bite the ogre. You drain its power.
You feel invigorated.
The ogre is heavily wounded.
The giant cockroach bites you but does no damage.
You hit the ogre.
The ogre is heavily wounded.
The giant cockroach barely misses you. The ogre hits you with a giant club.
You hit the ogre.
The ogre is severely wounded.
The giant cockroach misses you. The ogre barely misses you.
You hit the ogre but do no damage.
The ogre is severely wounded.
The giant cockroach closely misses you.
You barely miss the ogre. You bite the ogre, but do no damage.
The ogre is severely wounded.
The giant cockroach closely misses you. The ogre barely misses you.
You hit the ogre. You bite the ogre, but do no damage.
The ogre is severely wounded.
The giant cockroach misses you. The ogre hits you with a giant club!!
Ouch! That really hurt!
You die...

#h #.. ### # #########
### # ......... ... #
......%.#### ##.#####
........... ........
......s..#########.#....
.....hO@.......#...#....
#######......#.#........
######.#.#.#.##...
#.#.#........ #
#.#.#.....#.#
#.#.#.###.#.#.#
#.#.#..........
#....####.#.#.# ####..#
#.#.#..


You could see an ogre, a hound and a giant cockroach.

Vanquished Creatures
  2 adders
  2 oozes
  3 giant geckos
  4 orcs (D:3)
  3 ball pythons
  7 bats
  4 giant cockroaches
  6 goblins
  10 hobgoblins
  4 jackals (D:3)
  9 kobolds
  2 quokkas (D:2)
  4 giant newts
  7 rats
67 creatures vanquished.

Notes
Turn   | Place    | Note
--------------------------------------------------------------
     0 | D:1      | magog001 the Vine Stalker Assassin began the quest for the Orb.
     0 | D:1      | Reached XP level 1. HP: 11/11 MP: 2/2
    45 | D:1      | Reached skill level 5 in Stealth
   260 | D:1      | Reached XP level 2. HP: 15/15 MP: 3/3
   436 | D:1      | Reached skill level 1 in Dodging
   885 | D:1      | Reached XP level 3. HP: 13/18 MP: 2/4
  1588 | D:2      | Reached skill level 6 in Stealth
  1602 | D:2      | Reached XP level 4. HP: 23/23 MP: 5/5
  1689 | D:3      | Noticed magog001's ghost (amateur MiFi)
  2151 | D:3      | Found a glowing golden altar of the Shining One.
  2597 | D:4      | Noticed an ogre
  2611 | D:4      | Demolished by an ogre

Skill      XL: |  1  2  3 |
---------------+----------+-----
Stealth        | 5 6 |  6.4
Dodging        | 1 |  1.7
Fighting       | 2 |  2.1
Short Blades   | 2 |  2.3
Throwing       | |  1.7

Action                   |  1- 3 |  4- 6 || total
-------------------------+-------+-------++-------
Melee: Dagger            |   105 |    85 ||   190
       Bite              |    29 |    27 ||    56
 Fire: Blowgun           |     5 |       ||     5
 Stab: Sleeping          |     7 |     7 ||    14
  Eat: Chunk             |     2 |     1 ||     3
       Meat ration       |       |     1 ||     1
Armor: Robe              |    18 |    23 ||    41
Dodge: Dodged            |    48 |    66 ||   114
